 Dungeon Crawl Stone Soup version 0.30-a0-359-gd0147acb1a (webtiles) character file.

Game seed: 9518037222440317009

175 RascalDebosk the Magician (level 5, 0/38 HPs)
             Began as a Djinni Conjurer on Nov 11, 2022.
             Slain by an orc wizard
             ... wielding a +0 dagger
              (2 damage)
             ... on level 4 of the Dungeon.
             The game lasted 00:21:19 (2591 turns).

RascalDebosk the Magician (Djinni Conjurer)         Turns: 2591, Time: 00:21:20

Health: 0/38       AC:  3    Str:  6    XL:     5   Next: 86%
Gold:   192        EV: 11    Int: 22    God:
                   SH:  3    Dex: 11

rFire   + + .      SeeInvis .    s - +0 dagger (venom)
rCold   x . .      Faith    .    c - +0 buckler
rNeg    . . .      Spirit   .    a - +0 robe
rPois   ∞          Reflect  .    w - +0 hat
rElec   .          Harm     .    v - +0 cloak
rCorr   .          Rampage  .    (no gloves)
Will    .....                    (boots unavailable)
Stlth   ++........               (no amulet)
HPRegen 0.26/turn                (no ring)
MPRegen 0.00/turn                (no ring)

@: flying, very slightly contaminated
A: sickness immunity, fire resistance 2, cold vulnerability 1, float, innate
caster, HP casting, extra vitality 1
a: no special abilities


You were on level 4 of the Dungeon.
You visited 1 branch of the dungeon, and saw 4 of its levels.

You collected 192 gold pieces.

Inventory:

Hand Weapons
 s - a +0 dagger of venom (weapon)
Armour
 a - a +0 robe (worn)
 c - a +0 buckler (worn)
 v - a +0 cloak (worn)
 w - a +0 hat (worn)
Jewellery
 q - a +4 ring of slaying
Wands
 x - a wand of flame (12)
Scrolls
 d - 5 scrolls of identify {unknown}
 e - 2 scrolls of teleportation {unknown}
 f - a scroll of noise {unknown}
 i - a scroll of poison {unknown}
 j - a scroll of enchant weapon {unknown}
 l - a scroll of fog {unknown}
 o - a scroll of fear {unknown}
 u - a scroll of summoning {unknown}
 y - a scroll of vulnerability {unknown}
Potions
 b - 2 potions of ambrosia {unknown}
 g - 2 potions of curing {unknown}
 h - a potion of berserk rage {unknown}
 k - 2 potions of haste {unknown}
 m - 2 potions of magic {unknown}
 n - 2 potions of heal wounds {unknown}
 p - a potion of might {unknown}
 r - a potion of attraction {unknown}
 t - a potion of mutation {unknown}


   Skills:
 + Level 2.2 Fighting
 - Level 2.1 Dodging
 - Level 1.5 Stealth
 * Level 4.8 Spellcasting


You couldn't memorise any spells.
You knew the following spells:

 Your Spells              Type           Power      Damage    Failure   Level
a - Magic Dart            Conj           100%       1d8       1%          1
b - Searing Ray           Conj           52%        2d6       3%          2
c - Dazzling Flash        Conj/Hex       52%        N/A       6%          3
d - Fulminant Prism       Conj/Hex       13%        3d9       19%         4
e - Iskenderun's Mystic   Conj/Tloc      26%        2d7       19%         4
f - Necrotise             Necr           100%       1d9       1%          1
g - Call Imp              Summ           26%        N/A       3%          2
Your spell library was empty.

Dungeon Overview and Level Annotations

Branches:
Dungeon (4/15)
 Temple: D:4-7

Altars:


Innate Abilities, Weirdness & Mutations

You are immune to sickness and miasma.
You are immune to poison.
Your flesh is very heat resistant. (rF++)
You are vulnerable to cold. (rC-)
You float through the air rather than walking.
You learn spells naturally, not from books.
Your magical power is your life essence.
You have superior vitality. (+4 MHP)


Message History

The magic dart hits the goblin.
You kill the goblin!
You now have 175 gold pieces (gained 18).
Things that are here:
a +0 club; a goblin corpse You reach down and open the door.
Found 4 stones.
There is an open door here.
Found a stone staircase leading down.
You now have 192 gold pieces (gained 17).
You reach down and open the door.
An orc wizard and an orc come into view.
The orc shouts!
An orc comes into view. It is wielding a +0 short sword.
Casting: Magic Dart (safe; 1% risk of failure)
Confirm with . or Enter, or press ? or * to list all spells.
Aiming: Magic Dart (safe; 1% risk of failure)
Press: ? - help, Shift-Dir - straight line, f - orc
Aim: an orc, wielding a +0 dagger (100% to hit)
The magic dart hits the orc!
You kill the orc!
The orc wizard shouts!
The orc shouts!
Casting: Magic Dart (safe; 1% risk of failure)
Confirm with . or Enter, or press ? or * to list all spells.
Aiming: Magic Dart (safe; 1% risk of failure)
Press: ? - help, Shift-Dir - straight line, f - orc
Aim: an orc, wielding a +0 short sword and wearing a +0 chain mail (100% to hit)
The magic dart hits the orc.
The orc is lightly wounded.
The orc wizard points at you and mumbles some strange words.
The magic dart hits you!
Casting: Magic Dart (safe; 1% risk of failure)
Confirm with . or Enter, or press ? or * to list all spells.
Aiming: Magic Dart (safe; 1% risk of failure)
Press: ? - help, Shift-Dir - straight line, f/p - orc
Aim: an orc, wielding a +0 short sword and wearing a +0 chain mail (lightly wounded, 100% to hit)
The magic dart hits the orc.
The orc is moderately wounded.
Casting: Magic Dart (safe; 1% risk of failure)
Confirm with . or Enter, or press ? or * to list all spells.
Aiming: Magic Dart (safe; 1% risk of failure)
Press: ? - help, Shift-Dir - straight line, f/p - orc
Aim: an orc, wielding a +0 short sword and wearing a +0 chain mail (moderately wounded, 100% to hit)
The magic dart hits the orc.
The orc is almost dead.
Casting: Magic Dart (safe; 1% risk of failure)
Confirm with . or Enter, or press ? or * to list all spells.
Aiming: Magic Dart (safe; 1% risk of failure)
Press: ? - help, Shift-Dir - straight line, f/p - orc
Aim: an orc, wielding a +0 short sword and wearing a +0 chain mail (almost dead, 100% to hit)
The magic dart hits the orc.
You kill the orc!
Casting: Magic Dart (safe; 1% risk of failure)
Confirm with . or Enter, or press ? or * to list all spells.
Aiming: Magic Dart (safe; 1% risk of failure)
Press: ? - help, Shift-Dir - straight line, f - orc wizard
Aim: an orc wizard, wielding a +0 dagger and wearing a +0 robe (100% to hit)
The magic dart hits the orc wizard but does no damage.
The orc wizard points at you and mumbles some strange words.
You are confused.
You hear a shout!
You're too confused to cast spells.
Unknown command.
You're too confused to cast spells.
Unknown command.
A hobgoblin comes into view.
The orc wizard gestures at you while chanting.
The magic dart hits you!
You bump into the rock wall.
The orc wizard points at you and mumbles some strange words.
The puff of flame hits you. You resist.
* * * LOW HITPOINT WARNING * * *
You miss the orc wizard.
You feel less confused. The orc wizard misses you.
Casting: Magic Dart (safe; 1% risk of failure)
Confirm with . or Enter, or press ? or * to list all spells.
The spell is quite dangerous to miscast (19% risk of failure)!
Continue anyway?
You erupt in a blast of force!
The mystic blast hits the hobgoblin!
You kill the hobgoblin!
The mystic blast hits the orc wizard.
The orc wizard is lightly wounded.
The orc wizard is knocked back by the mystic blast.
The orc wizard slams into the rock wall!
The orc wizard is heavily wounded.
* * * LOW HITPOINT WARNING * * *
Casting: Iskenderun's Mystic Blast (quite dangerous; 19% risk of failure)
Confirm with . or Enter, or press ? or * to list all spells.
The spell is quite dangerous to miscast (19% risk of failure)!
Continue anyway?
You miscast Iskenderun's Mystic Blast.
You are very lightly contaminated with residual magic.
The air around you crackles with energy!
* * * LOW HITPOINT WARNING * * *
* * * LOW HITPOINT WARNING * * *
The orc wizard hits you with a +0 dagger.
* * * LOW HITPOINT WARNING * * *
You hit the orc wizard.
The orc wizard is poisoned.
The orc wizard is severely wounded.
The orc wizard hits you with a +0 dagger.
You die...

... ### ... ..# ..) #.#
#.# #####.## #.# #.......
#)# #.###.## ##o##
#.##.#.# ##@..## #.#.###.
#>#.....## #..## ##
#........## #...###)
............####....#.#
..............'..........
..#.#.........####.......
. #.##.......## ##.##.##
# ##.....## ####.#
##(..## ##.##


You could see an orc wizard (very poisoned).

Vanquished Creatures
  Crazy Yiuf (D:3)
  An iguana (D:4)
  4 gnolls (D:3)
  3 adders
  A worm (D:2)
  8 orcs
  2 bats (D:2)
  4 endoplasms
  2 giant cockroaches
  6 goblins
  3 hobgoblins
  A quokka (D:2)
  2 ball pythons (D:3)
  2 frilled lizards (D:2)
  5 kobolds
  4 rats
49 creatures vanquished.

Vanquished Creatures (others)
  A fulminant prism (D:4)
1 creature vanquished.

Grand Total: 50 creatures vanquished

Notes
Turn   | Place    | Note
-------+----------+-------------------------------------------
     0 | D:1      | RascalDebosk the Djinni Conjurer began the quest for the
                  | Orb.
     0 | D:1      | RascalDebosk set off with the following spells memorised:
                  | Magic Dart, Searing Ray, Dazzling Flash, Fulminant Prism,
                  | Iskenderun's Mystic Blast.
     0 | D:1      | Reached XP level 1. HP: 15/15 MP: 0/0
   144 | D:1      | Reached XP level 2. HP: 20/21 MP: 0/0
   191 | D:1      | Found a faded altar of an unknown god.
   341 | D:1      | You are sucked into a shaft and drop 1 floor!
   920 | D:2      | Reached skill level 4 in Spellcasting
   920 | D:2      | Reached XP level 3. HP: 17/25 MP: 0/0
   920 | D:2      | Learned a level 1 spell: Necrotise
  1424 | D:3      | Reached XP level 4. HP: 29/31 MP: 0/0
  1458 | D:3      | Reached skill level 1 in Fighting
  1494 | D:3      | Reached XP level 5. HP: 10/37 MP: 0/0
  1494 | D:3      | Learned a level 2 spell: Call Imp
  1817 | D:3      | Found a runed translucent door.
  1818 | D:3      | Noticed Crazy Yiuf
  2106 | D:3      | Killed Crazy Yiuf
  2591 | D:4      | Slain by an orc wizard

Illustrated notes

Levels and vault maps discovered:
D:1:      dpeg_arrival_renting, layout_loops_ring, ebering_ecumenical_altar_webs
D:2:      layout_loops_corners
D:3:      layout_basic, uniq_crazy_yiuf_cottage
D:4:      layout_loops_corners, mainiacjoe_overflow_tiny_flanked

Skill      XL: |  1  2  3  4  5 |
---------------+----------------+-----
Spellcasting   | 4 |  4.8
Fighting       | 1 2 |  2.2
Dodging        | |  2.1
Stealth        | |  1.5

Action                   |  1- 3 |  4- 6 || total
-------------------------+-------+-------++-------
Melee: Dagger            |       |    11 ||    11
 Cast: Magic Dart        |    51 |    32 ||    83
       Searing Ray       |     4 |     5 ||     9
       Necrotise         |     2 |       ||     2
       Iskenderun's Myst |       |     4 ||     4
       Fulminant Prism   |       |     1 ||     1
       Dazzling Flash    |       |     1 ||     1
Armor: Robe              |       |     1 ||     1
Dodge: Dodged            |     4 |    13 ||    17

Table legend: (Time is in decaauts)
 A = Elapsed time spent in this place.
 B = Non-inter-level travel time spent in this place.
 C = Inter-level travel time spent in this place.
 D = Time resting spent in this place.
 E = Time spent auto-exploring this place.
 F = Levels seen in this place.
 G = Mean time per level.
                   A        B        C        D        E       F      G
               +--------+--------+--------+--------+--------+-----+--------+
         Total |   2590 |   2551 |     39 |    150 |   1958 |   4 |  647.5 |
       Dungeon |   2590 |   2551 |     39 |    150 |   1958 |   4 |  647.5 |
               +--------+--------+--------+--------+--------+-----+--------+

Top non-repeatable levels by time:
     D:2: 962 daAuts
     D:3: 879 daAuts
     D:4: 407 daAuts
     D:1: 341 daAuts
